 Dungeon Crawl Stone Soup version 0.30-b1-2-g02819fbbbe (webtiles) character file.

Game seed: 16846001781054257932

21010 Metae the Blocker (level 12, -7/110 HPs)
             Began as a Minotaur Fighter on July 1, 2023.
             Was a Follower of Uskayaw.
             Mangled by a spriggan rider
             ... wielding the +11 trident "Afiffee" {venom, Dex+3 Stlth+}
              (25 damage)
             ... on level 3 of the Lair of Beasts.
             The game lasted 00:38:05 (13448 turns).

Metae the Blocker (Minotaur Fighter)               Turns: 13448, Time: 00:38:05

Health: -7/110     AC: 18    Str: 26    XL:     12   Next: 50%
Magic:  0/15       EV: 10    Int:  5    God:    Uskayaw [*.....]
Gold:   600        SH:  6    Dex: 10    Spells: 11/11 levels left

rFire   . . .        d - +1 demon blade (elec)
rCold   . . .        c - +0 buckler
rNeg    . . .        O - +1 plate armour
rPois   +            Z - +1 hat {Stlth+}
rElec   .            (no cloak)
rCorr   .            (no gloves)
SInv    .            N - +0 pair of boots
Will    .....        D - amulet of guardian spirit Stlth
                     P - ring of flight
HPRegen 0.38/turn    W - ring of poison resistance
MPRegen 0.14/turn

%: guardian spirit
@: flying, studying Shields
A: horns 2, retaliatory headbutt
a: Renounce Religion, Stomp


You were on level 3 of the Lair of Beasts.
You worshipped Uskayaw.
Uskayaw was noncommittal.
You visited 3 branches of the dungeon, and saw 14 of its levels.
You also visited: Bailey.

You collected 840 gold pieces.
You spent 240 gold pieces at shops.

Inventory:

Hand Weapons
 d - a +1 demon blade of electrocution (weapon)
 o - the +10 spear of the Blessed Realm {protect, rN+ Int+3 Dex+3}
   (You found it on level 2 of the Dungeon)

   Int:       It affects your intelligence (+3).
   Dex:       It affects your dexterity (+3).
   rN:        It protects you from negative energy.
 V - the +5 morningstar of Kyrch {freeze, Drain rElec Will+ Dex+6}
   (You found it in a bailey)

   Dex:       It affects your dexterity (+6).
   rElec:     It insulates you from electricity.
   Drain:     It drains your maximum health when unequipped.
   Will:      It increases your willpower.
Missiles
 i - 3 throwing nets
 s - a boomerang
 t - 17 poisoned darts (quivered)
 z - 3 silver boomerangs
Armour
 c - a +0 buckler (worn)
 N - a +0 pair of boots (worn)
 O - a +1 plate armour (worn)
 Z - a +1 hat of stealth (worn)
Jewellery
 D - an amulet of guardian spirit (around neck)
 P - a ring of flight (left hand)
 W - a ring of poison resistance (right hand)
Wands
 e - a wand of iceblast (3)
 q - a wand of polymorph (14)
 K - a wand of flame (46)
 Q - a wand of light (5)
 Y - a wand of digging (6)
Scrolls
 b - 2 scrolls of amnesia
 f - a scroll of noise
 n - 7 scrolls of teleportation
 p - 3 scrolls of fear
 r - a scroll of magic mapping
 y - 2 scrolls of brand weapon
 A - a scroll of blinking {unknown}
 C - a scroll of vulnerability
 E - 2 scrolls of silence
 F - a scroll of torment
 H - 3 scrolls of enchant weapon
 M - a scroll of acquirement
 R - 2 scrolls of fog
 T - a scroll of butterflies {unknown}
 X - 2 scrolls of poison
Potions
 a - a potion of experience
 g - 2 potions of heal wounds
 h - 4 potions of haste {unknown}
 j - 2 potions of flight
 k - 3 potions of degeneration {unknown}
 l - 2 potions of ambrosia
 m - 2 potions of resistance {unknown}
 u - 4 potions of attraction {unknown}
 x - 7 potions of curing
 B - 7 potions of magic
 G - 2 potions of brilliance {unknown}
 I - 4 potions of lignification {unknown}
 L - a potion of berserk rage {unknown}
 S - a potion of invisibility {unknown}
 U - 2 potions of mutation {unknown}


   Skills:
 + Level 11.3 Fighting
 - Level 2.7(5.3) Short Blades
 + Level 7.8(8.1) Long Blades
 - Level 7.2 Polearms
 + Level 11.4 Armour
 + Level 9.9 Dodging
 + Level 11.4 Shields
 + Level 6.2 Invocations


You had 11 spell levels left.
You didn't know any spells.
Your spell library contained the following spells:

 Spells                   Type           Power      Damage    Failure   Level
 Freeze                   Ice            0%         1d3       99%         1
 Kiss of Death            Conj/Necr      0%         2d5       99%         1
 Magic Dart               Conj           0%         1d3       99%         1
 Shock                    Conj/Air       0%         1d3       99%         1
 Slow                     Hex            0%         N/A       99%         1
 Call Imp                 Summ           0%         N/A       100%        2
 Confusing Touch          Hex            0%         N/A       100%        3
 Frozen Ramparts          Ice            0%         1d1       100%        3
 Hailstorm                Conj/Ice       0%         3d3       100%        3
 Mephitic Cloud           Conj/Pois/Air  0%         N/A       100%        3
 Portal Projectile        Hex/Tloc       0%         N/A       100%        3
 Swiftness                Air            0%         N/A       100%        3
 Tukima's Dance           Hex            0%         N/A       100%        3
 Vampiric Draining        Necr           0%         2d6       100%        3
 Vhi's Electric Charge    Tloc/Air       0%         N/A       100%        3
 Volatile Blastmotes      Fire/Tloc      0%         2d10      100%        3
 Airstrike                Air            0%         2d(0-16)  100%        4
 Dispel Undead            Necr           0%         3d6       100%        4
 Fulminant Prism          Conj/Hex       0%         3d5       100%        4
 Iskenderun's Mystic Bla  Conj/Tloc      0%         2d3       100%        4
 Arcjolt                  Conj/Air       0%         1d10      100%        5
 Blade Hands              Tmut           0%         N/A       100%        5
 Lee's Rapid Deconstruct  Erth           0%         3d4*      100%        5
 Summon Forest            Summ/Tloc      0%         N/A       100%        5
 Eringya's Noxious Bog    Tmut/Pois      0%         N/A       100%        6
 Summon Hydra             Summ           0%         N/A       100%        7
 Maxwell's Capacitive Co  Air            0%         ∞         100%        8


Dungeon Overview and Level Annotations

Branches:
Dungeon (10/15)            Temple (1/1) D:7            Lair (3/5) D:9
  Swamp (0/4) Lair:2       Spider (0/4) Lair:2       Bailey (visited)
    Orc: D:9-12

Altars:
Ashenzari
Cheibriados
Dithmenos
Elyvilon
Fedhas
Gozag
Hepliaklqana
Kikubaaqudgha
Makhleb
Nemelex Xobeh
Okawaru
Qazlal
Ru
Sif Muna
Trog
Uskayaw
Vehumet
Wu Jian
Xom
Yredelemnul
Zin
The Shining One

Shops:
D:3 =

Annotations:
D:9 2 transporters
Lair:1 2 transporters, Metae's ghost, novice MiFi
Lair:3 Oluanan's ghost, journeyman DsFi


Innate Abilities, Weirdness & Mutations

You have a pair of horns on your head.
You reflexively headbutt those who attack you in melee.


Message History

You block the spriggan's attack. The polar bear bites you.
The polar bear closely misses you.
The polar bear claws you but does no damage.
You hit the polar bear. You headbutt the polar bear.
The polar bear is lightly wounded.
You block the spriggan rider's attack. The polar bear misses you.
You furiously retaliate!
You headbutt the polar bear!
The polar bear claws you but does no damage. x2
You slash the polar bear!
The polar bear is severely wounded.
The spriggan rider hits you from afar with the +11 trident "Afiffee" {venom, Dex+3 Stlth+}!
You block the spriggan rider's attack.
The polar bear goes berserk!
You can now pass through a line of other dancers.
You hit the polar bear.
Lightning courses through the polar bear!
You kill the polar bear!
The spriggan rider completely misses you. x2
The spriggan rider hits you with the +11 trident "Afiffee" {venom, Dex+3 Stlth+}.
The spriggan rider hits you with a +0 spear!
The spriggan hits you from afar with a +0 spear!
There is an open translucent door, spattered with blood here.
The spriggan rider blocks your attack. The spriggan rider barely misses you.
You block the spriggan rider's attack. The spriggan barely misses you.
The spriggan rider blocks your attack. You block the spriggan rider's attack.
The spriggan rider hits you but does no damage.
The spriggan rider blocks your attack. x2
The spriggan rider barely misses you.
The spriggan rider hits you with the +11 trident "Afiffee" {venom, Dex+3 Stlth+}!!
The spriggan rider hits you from afar with a +0 spear.
The spriggan rider hits you from afar with the +11 trident "Afiffee" {venom, Dex+3 Stlth+}!
* * * LOW HITPOINT WARNING * * *
You are poisoned.
You feel very sick.
You feel sick.
The spriggan rider hits you from afar with the +11 trident "Afiffee" {venom, Dex+3 Stlth+}!
* * * LOW HITPOINT WARNING * * *
You can no longer pass through a line of other dancers.
You feel better. You block the spriggan rider's attack.
The spriggan rider hits you from afar with the +11 trident "Afiffee" {venom, Dex+3 Stlth+}!!
You die...

♣. .♣ ##..
.♣♣. #.. ♣♣♣..
###.# ♣♣...♣♣♣
♣♣ #...#
♣.[♣.W.♣♣.♣
###..
♣.###i###.♣
#.. ###8ii.8##
#.# #........#
##..
####.@.#.#
#... #...###
##.. ##...#
#.. #...##
##.. ##=##
#... ##.# #...
#..## ##..
#### ##..#
#... ##
##..###P.##
###########...


You could see 2 spriggan riders, a spriggan and Oluanan's ghost.

Vanquished Creatures
  Gastronok (Lair:2)
  An orc warlord (Bailey)
  A catoblepas (Lair:1)
  2 two-headed ogres
  A sixfirhy (D:7)
  An orb spider (Lair:2)
  A lindwurm (Lair:2)
  An orc knight (Bailey)
  Pikel (D:5)
  A will-o-the-wisp (Lair:2)
  3 cane toads (Lair:2)
  An unseen horror (D:9)
  2 kobold demonologists (D:10)
  2 komodo dragons (Lair:1)
  2 polar bears
  4 blink frogs (Lair:3)
  Sigmund (D:6)
  A wyvern (D:9)
  27 yaks
  A steam dragon (D:9)
  Edmund (D:6)
  Menkaure (D:6)
  An acid dragon (D:10)
  Duvessa (D:6)
  4 water moccasins
  2 black bears (D:6)
  14 orc warriors
  2 sky beasts
  An ice beast (D:7)
  4 ogres
  5 wolves (Lair:1)
  2 centaurs
  4 phantoms
  4 kobold brigands
  10 bullfrogs
  5 scorpions
  7 wights
  Dowan (D:6)
  8 killer bees
  5 howler monkeys
  A crimson imp (D:7)
  4 hounds
  5 orc priests
  A gnoll bouda (D:5)
  2 iguanas
  A sleepcap (D:7)
  6 orc wizards
  22 gnolls
  8 adders
  3 white imps
  An ufetubus (D:7)
  2 worms
  3 dart slugs
  37 orcs
  9 endoplasms
  A giant cockroach (D:4)
  19 goblins
  12 hobgoblins
  4 jackals (D:4)
  18 kobolds
  7 quokkas
  8 ball pythons
  6 bats
  A frilled lizard (D:1)
  A rat (D:2)
319 creatures vanquished.

Vanquished Creatures (others)
  4 foxfires (Lair:2)
  2 fungi
  9 plants
15 creatures vanquished.

Grand Total: 334 creatures vanquished

Notes
Turn   | Place    | Note
-------+----------+-------------------------------------------
     0 | D:1      | Metae the Minotaur Fighter began the quest for the Orb.
     0 | D:1      | Reached XP level 1. HP: 19/19 MP: 0/0
    87 | D:1      | Reached XP level 2. HP: 18/27 MP: 1/1
   472 | D:2      | Reached skill level 1 in Dodging
   520 | D:2      | Reached XP level 3. HP: 28/33 MP: 2/2
   588 | D:2      | Found a faded altar of an unknown god.
   840 | D:2      | Identified the +10 spear of the Blessed Realm {protect, rN+
                  | Int+3 Dex+3}
  1134 | D:3      | Reached XP level 4. HP: 40/40 MP: 3/3
  1234 | D:3      | Found Letoviunn's Jewellery Emporium.
  1433 | D:3      | Noticed a centaur
  1444 | D:3      | Killed a centaur
  1445 | D:3      | Reached skill level 1 in Polearms
  1445 | D:3      | Reached XP level 5. HP: 29/47 MP: 4/4
  1923 | D:4      | Reached XP level 6. HP: 54/55 MP: 5/5
  2000 | D:4      | Reached skill level 5 in Fighting
  2000 | D:4      | Reached skill level 5 in Shields
  2061 | D:4      | Reached skill level 5 in Armour
  2081 | D:4      | Found a stormy altar of Qazlal.
  2155 | D:4      | Reached XP level 7. HP: 47/61 MP: 6/6
  2793 | D:5      | Entered Level 5 of the Dungeon
  3492 | D:6      | Reached XP level 8. HP: 63/70 MP: 7/7
  3517 | D:6      | Noticed Sigmund
  3518 | D:6      | Noticed Pikel
  3541 | D:5      | Killed Pikel
  3542 | D:5      | Reached skill level 5 in Polearms
  3542 | D:5      | Reached skill level 5 in Dodging
  3604 | D:6      | Killed Sigmund
  3780 | D:6      | Reached XP level 9. HP: 77/79 MP: 8/8
  3976 | D:6      | Noticed Edmund
  3985 | D:6      | Killed Edmund
  4048 | D:6      | Noticed Duvessa
  4054 | D:6      | Killed Duvessa
  4054 | D:6      | Noticed Menkaure
  4057 | D:6      | Noticed Dowan
  4059 | D:6      | Killed Menkaure
  4087 | D:6      | Killed Dowan
  4425 | D:7      | Found a radiant altar of Vehumet.
  4463 | D:7      | Found a staircase to the Ecumenical Temple.
  4470 | Temple   | Entered the Ecumenical Temple
  4677 | D:7      | Noticed a sixfirhy
  4680 | D:7      | Found a runed translucent door.
  4725 | D:7      | Killed a sixfirhy
  4818 | D:7      | Reached XP level 10. HP: 82/90 MP: 9/9
  4929 | D:7      | Reached skill level 1 in Long Blades
  4929 | D:7      | Found a hide-covered altar of Uskayaw.
  4930 | D:7      | Found a sacrificial altar of Ru.
  4931 | D:7      | Found a shimmering blue altar of Sif Muna.
  4940 | D:7      | Found a blossoming altar of Fedhas.
  4940 | D:7      | Found a hazy altar of Hepliaklqana.
  4942 | D:7      | Found an iron altar of Okawaru.
  4942 | D:7      | Found a shadowy altar of Dithmenos.
  4948 | D:7      | Identified the +9 dagger of Victory {venom, Contam rC+
                  | Dex+2}
  4955 | D:7      | Found a glowing golden altar of the Shining One.
  4958 | D:7      | Became a worshipper of Uskayaw the Reveller
  5136 | D:7      | Found a glowing silver altar of Zin.
  5193 | D:7      | Found a burning altar of Makhleb.
  5194 | D:7      | Found a shimmering altar of Xom.
  5275 | D:8      | Reached * piety under Uskayaw
  5296 | D:8      | Noticed a two-headed ogre
  5300 | D:8      | Reached ** piety under Uskayaw
  5302 | D:8      | Reached *** piety under Uskayaw
  5304 | D:8      | Killed a two-headed ogre
  5304 | D:8      | Reached **** piety under Uskayaw
  5305 | D:8      | Reached skill level 1 in Invocations
  6169 | D:9      | Found a staircase to the Lair.
  6778 | D:9      | Found a transporter.
  6782 | D:9      | Found a transporter.
  6800 | D:9      | Found an ancient bone altar of Kikubaaqudgha.
  6870 | D:9      | Found a basalt altar of Yredelemnul.
  6891 | D:9      | Noticed a skeletal warrior
  7236 | D:9      | Noticed a death knight
  7396 | D:10     | Entered Level 10 of the Dungeon
  7435 | D:10     | Reached ***** piety under Uskayaw
  7442 | D:10     | Found a flagged portal.
  7456 | Bailey   | Entered a bailey
  7660 | Bailey   | Noticed an orc knight
  7669 | Bailey   | Killed an orc knight
  7760 | Bailey   | Reached XP level 11. HP: 76/97 MP: 12/12
  7965 | Bailey   | Noticed an orc warlord
  7988 | Bailey   | HP: 3/99 [orc warlord/+9 executioner's axe (15)]
  7995 | Bailey   | Killed an orc warlord
  8007 | Bailey   | Reached skill level 5 in Long Blades
  8352 | Bailey   | Identified the +5 morningstar of Kyrch {freeze, Drain rElec
                  | Will+ Dex+6}
  8747 | D:3      | Bought a ring of poison resistance for 240 gold pieces
  8913 | D:10     | Reached skill level 10 in Shields
  8919 | D:10     | Reached skill level 10 in Fighting
  8919 | D:10     | Reached skill level 10 in Armour
  9165 | D:10     | Noticed a two-headed ogre
  9173 | D:10     | Killed a two-headed ogre
  9264 | D:10     | Identified the +6 sling of Fedhas's Regard {freeze, rPois
                  | rF+}
  9320 | D:10     | Identified the +5 whip "Cut Xes" {heavy, rN+ Dex+2}
  9706 | Lair:1   | Entered Level 1 of the Lair of Beasts
  9740 | Lair:1   | Noticed Metae's ghost (novice MiFi)
  9748 | Lair:1   | Found a transporter.
  9753 | Lair:1   | Found a transporter.
  9835 | Lair:1   | Noticed a catoblepas
  9851 | Lair:1   | Killed a catoblepas
 11272 | Lair:2   | Reached skill level 5 in Invocations
 11322 | Lair:2   | Noticed a lindwurm
 11330 | Lair:2   | Killed a lindwurm
 11424 | Lair:2   | Found a staircase to the Swamp.
 11462 | Lair:2   | Reached XP level 12. HP: 101/108 MP: 14/14
 11936 | Lair:2   | Noticed Gastronok
 11953 | Lair:2   | Killed Gastronok
 12188 | Lair:2   | Found a hole to the Spider Nest.
 12602 | Lair:3   | Reached ****** piety under Uskayaw
 13156 | Lair:3   | Found a runed translucent door.
 13159 | Lair:3   | Identified 2 scrolls of acquirement
 13163 | Lair:3   | Acquired a manual of Shields
 13170 | Lair:3   | Identified the +11 trident "Afiffee" {venom, Dex+3 Stlth+}
 13172 | Lair:3   | Noticed Oluanan's ghost (journeyman DsFi)
 13448 | Lair:3   | Mangled by a spriggan rider

Illustrated notes

Levels and vault maps discovered:
D:1:      minmay_arrival_plants_in_alcoves, layout_rooms
D:2:      layout_basic, shapermc_ecumenical_altar_starsandcircs
D:3:      layout_loops_ring, serial_shops, nicolae_shop_crystal
D:4:      layout_basic, nicolae_qazlal_eye_of_the_storm,
          kennysheep_generic_room_9
D:5:      layout_loops_ring, kennysheep_small_spiral, kennysheep_cluttered_room,
          hex_large
D:6:      layout_rooms, kennysheep_generic_room_8, uniq_menkaure, uniq_pikel,
          uniq_duvessa, uniq_sigmund, uniq_edmund
D:7:      cheibrodos_shockbox, layout_cave_pools,
          grunt_temple_overflow_champion_of_chaos, mainiacjoe_overflow_alcove_1,
          grunt_temple_overflow_open, lemuel_round_altar, temple_statues
D:8:      layout_rooms
D:9:      layout_loops_corners, gammafunk_temple_of_torment, lair_entry_dummy
D:10:     layout_irregular_city, enter_bailey_6
Temple:   nicolae_temple_superstar
Lair:1:   layout_cave_pods, gammafunk_ghost_hive
Lair:2:   layout_regular_city, minmay_swamp_entry_wisps,
          nicolae_spider_entry_orb_guardian, uniq_gastronok
Lair:3:   layout_big_grid, ebering_ghost_funeral_grove,
          small_statue_intersection

Skill      XL: |  1  2  3  4  5  6  7  8  9 10 11 12 |
---------------+-------------------------------------+-----
Dodging        | 1 2 3 4 5 6 8 9 |  9.9
Fighting       | 4 5 6 7 8 9 10 11 | 11.3
Shields        | 4 5 6 7 8 9 10 11 | 11.4
Armour         | 4 5 6 7 8 9 10 11 | 11.4
Polearms       | 1 2 3 4 5 7 |  7.2
Long Blades    | 4 6 7 |  7.8
Invocations    | 3 5 6 |  6.2
Short Blades   | |  2.7

Action                     |  1- 3 |  4- 6 |  7- 9 | 10-12 || total
---------------------------+-------+-------+-------+-------++-------
  Melee: Rapier            |    71 |       |       |       ||    71
         Headbutt          |    14 |    11 |    37 |   140 ||   202
         Spear             |     9 |    96 |   185 |       ||   290
         Demon blade       |       |       |    12 |   588 ||   600
  Throw: Dart              |       |     4 |     8 |     3 ||    15
 Invoke: Stomp             |       |       |       |     1 ||     1
    Use: Scroll            |       |       |    14 |     7 ||    21
         Potion            |       |       |     1 |     5 ||     6
   Stab: Paralysed         |       |       |       |    37 ||    37
 Armour: Scale mail        |    39 |     2 |       |       ||    41
         Chain mail        |       |    27 |    89 |    66 ||   182
         Plate armour      |       |       |       |   257 ||   257
  Dodge: Dodged            |    31 |    26 |    65 |   278 ||   400
  Block: Buckler           |    18 |    18 |    33 |   178 ||   247
